TOP OF THE 1ST |
Cedar Rapids Kernels batting - Pitching for Greenville Drive : LHP Will Sledge
|
Pitching: LHP Will Sledge
|
|
Batting: LHB Israel Montoya
|
0-0: Called Strike 0-1: Foul Ball, location: 2F 0-2: Strikes out swinging, 2-3 out at first.
|
Batting: LHB Jim Pankratz
|
0-0: Called Strike 0-1: Ball 1-1: Ball 2-1: Foul Ball, location: 2F 2-2: Foul Ball, location: 2F 2-2: Ball 3-2: SINGLE (Flyball, 5D, EV 96.2 MPH)
|
Batting: RHB Mike Craver
|
0-0: Ball 1-0: Fly out, F8 (Flyball, 8RM, EV 87.5 MPH)
|
Batting: RHB Matt Dunn
|
0-0: Called Strike Jim Pankratz is caught stealing 2nd base 2-4
|
Top of the 1st over - 0 runs, 1 hit, 0 errors, 0 left on base; Cedar Rapids 0 - Greenville 0 |
BOTTOM OF THE 1ST |
Greenville Drive batting - Pitching for Cedar Rapids Kernels : RHP Matthew Lange
|
Pitching: RHP Matthew Lange
|
|
Batting: RHB Larry Brocato
|
0-0: Swinging Strike 0-1: SINGLE (Line Drive, 8RS, EV 98.8 MPH)
|
Batting: LHB Sergio Tinoco
|
0-0: Ball 1-0: Ball Larry Brocato steals 2nd, throwing error, E2 Larry Brocato to third 2-0: Foul Ball, location: 2F 2-1: Ball 3-1: Swinging Strike 3-2: SINGLE (Line Drive, 34D, EV 103.1 MPH) Larry Brocato scores
|
Batting: RHB Dan Friess
|
0-0: Ball 1-0: Ball 2-0: Foul Ball, location: 2F 2-1: Swinging Strike 2-2: Strikes out swinging
|
Batting: RHB Devon Fourcade
|
0-0: Ball 1-0: Foul Ball, location: 2F 1-1: Ball Sergio Tinoco is caught stealing 2nd base 2-4 2-1: Ball 3-1: SINGLE (Flyball, 89S, EV 94.4 MPH)
|
Batting: RHB David Clark
|
0-0: Ball 1-0: SINGLE (Line Drive, 7S, EV 106.2 MPH) Devon Fourcade to second
|
Batting: RHB John Chiesa
|
0-0: Ball 1-0: Ball 2-0: Fly out, F7 (Flyball, 7LM, EV 101.2 MPH)
|
Bottom of the 1st over - 1 run, 4 hits, 1 error, 2 left on base; Cedar Rapids 0 - Greenville 1 |
TOP OF THE 2ND |
Cedar Rapids Kernels batting - Pitching for Greenville Drive : LHP Will Sledge
|
Batting: RHB Matt Dunn
|
0-0: Ball 1-0: Ball 2-0: Ball 3-0: Called Strike 3-1: Base on Balls
|
Batting: SHB Shohei Fujii
|
0-0: Foul Ball, location: 2F 0-1: Called Strike Matt Dunn steals 2nd, throwing error, E2 Matt Dunn to third 0-2: Ball 1-2: Foul Ball, location: 2F 1-2: Foul Ball, location: 2F 1-2: Ball 2-2: Strikes out looking
|
Batting: LHB Mike Handrahan
|
0-0: Ball 1-0: Ball 2-0: Called Strike 2-1: Called Strike 2-2: Ball 3-2: Strikes out swinging
|
Batting: RHB Jake Wirthlin
|
0-0: Ball 1-0: Ball 2-0: Ball 3-0: Base on Balls
|
Batting: LHB Christiaan Smits
|
0-0: Ball 1-0: Ball 2-0: Called Strike 2-1: Foul Ball, location: 2F 2-2: Foul Ball, location: 2F 2-2: Ball 3-2: Base on Balls Jake Wirthlin to second
|
Batting: RHB Orlando Blanco
|
0-0: Foul Ball, location: 2F 0-1: Called Strike 0-2: Strikes out swinging
|
Top of the 2nd over - 0 runs, 0 hits, 1 error, 3 left on base; Cedar Rapids 0 - Greenville 1 |
BOTTOM OF THE 2ND |
Greenville Drive batting - Pitching for Cedar Rapids Kernels : RHP Matthew Lange
|
Batting: RHB Adugna Chandu
|
0-0: Called Strike 0-1: Called Strike 0-2: Foul Ball, location: 2F 0-2: Ball 1-2: Foul Ball, location: 2F 1-2: Foul Ball, location: 2F 1-2: Ball 2-2: Ball 3-2: Base on Balls
|
Batting: RHB Paul Long
|
0-0: Foul Ball, location: 2F 0-1: Ball 1-1: Ball 2-1: Fly out, F7 (Flyball, 7S, EV 97.5 MPH)
|
Batting: RHB Erik Nunez
|
0-0: Swinging Strike 0-1: Ball 1-1: Ball 2-1: Called Strike 2-2: Foul Ball, location: 2F 2-2: Foul Ball, location: 2F 2-2: Ball Passed Ball! Adugna Chandu to second 3-2: Strikes out looking
|
Batting: RHB Larry Brocato
|
0-0: Called Strike 0-1: Ball 1-1: Ball 2-1: Ball 3-1: Foul Ball, location: 2F 3-2: Foul Ball, location: 2F 3-2: Base on Balls
|
Batting: LHB Sergio Tinoco
|
0-0: Fly out, F8 (Flyball, 8RXD, EV 107.5 MPH)
|
Bottom of the 2nd over - 0 runs, 0 hits, 0 errors, 2 left on base; Cedar Rapids 0 - Greenville 1 |
TOP OF THE 3RD |
Cedar Rapids Kernels batting - Pitching for Greenville Drive : LHP Will Sledge
|
Batting: LHB Israel Montoya
|
0-0: Ground out 6-3 (Groundball, 4MS, EV 90.0 MPH)
|
Batting: LHB Jim Pankratz
|
0-0: Ball 1-0: Called Strike 1-1: Foul Ball, location: 2F 1-2: Strikes out swinging
|
Batting: RHB Mike Craver
|
0-0: Ball 1-0: Ball 2-0: Ball 3-0: Base on Balls
|
Batting: RHB Matt Dunn
|
0-0: Ball 1-0: 2-RUN HOME RUN (Flyball, 9D, EV 100.6 MPH), Distance : 399 ft
|
Batting: SHB Shohei Fujii
|
0-0: Called Strike 0-1: Ball 1-1: Foul Ball, location: 2F 1-2: Strikes out swinging
|
Top of the 3rd over - 2 runs, 1 hit, 0 errors, 0 left on base; Cedar Rapids 2 - Greenville 1 |
BOTTOM OF THE 3RD |
Greenville Drive batting - Pitching for Cedar Rapids Kernels : RHP Matthew Lange
|
Batting: RHB Dan Friess
|
0-0: Foul Ball, location: 2F 0-1: Ball 1-1: SINGLE (Groundball, 6MD, EV 98.1 MPH)
|
Batting: RHB Devon Fourcade
|
0-0: Ball 1-0: Foul Ball, location: 2F 1-1: Ball 2-1: Foul Ball, location: 2F 2-2: DOUBLE (Line Drive, 9LM, EV 108.1 MPH) Dan Friess to third
|
Batting: RHB David Clark
|
0-0: Ball 1-0: Called Strike 1-1: Fly out, F3 (Popup, 3F, EV 75.6 MPH)
|
Batting: RHB John Chiesa
|
0-0: Ball 1-0: Swinging Strike 1-1: SINGLE (Groundball, 6S, EV 71.9 MPH) (infield hit) Dan Friess scores Devon Fourcade to third
|
Batting: RHB Adugna Chandu
|
0-0: Swinging Strike 0-1: Ball 1-1: Ball John Chiesa is caught stealing 2nd base 2-4 2-1: Foul Ball, location: 2F 2-2: Ball 3-2: Strikes out swinging
|
Bottom of the 3rd over - 1 run, 3 hits, 0 errors, 1 left on base; Cedar Rapids 2 - Greenville 2 |
TOP OF THE 4TH |
Cedar Rapids Kernels batting - Pitching for Greenville Drive : LHP Will Sledge
|
Batting: LHB Mike Handrahan
|
0-0: Ball 1-0: Ground out 6-3 (Groundball, 6, EV 87.5 MPH)
|
Batting: RHB Jake Wirthlin
|
0-0: Fly out, F9 (Flyball, 9LS, EV 89.4 MPH)
|
Batting: LHB Christiaan Smits
|
0-0: Ball 1-0: Ground out 4-3 (Groundball, 4, EV 103.1 MPH)
|
Top of the 4th over - 0 runs, 0 hits, 0 errors, 0 left on base; Cedar Rapids 2 - Greenville 2 |
BOTTOM OF THE 4TH |
Greenville Drive batting - Pitching for Cedar Rapids Kernels : RHP Matthew Lange
|
Batting: RHB Paul Long
|
0-0: Called Strike 0-1: Ball 1-1: Called Strike 1-2: Foul Ball, location: 2F 1-2: Ball 2-2: Strikes out swinging
|
Batting: RHB Erik Nunez
|
0-0: Called Strike 0-1: Ball 1-1: Foul Ball, location: 2F 1-2: Ball 2-2: Ball 3-2: Base on Balls
|
Batting: RHB Larry Brocato
|
0-0: Foul Ball, location: 2F 0-1: Foul Ball, location: 2F 0-2: Ball 1-2: Fielders Choice at 2nd, 4-6 (Groundball, 4, EV 83.8 MPH)
|
Pitching: RHP Toshiyuki Kawashima
|
|
Batting: LHB Sergio Tinoco
|
0-0: Called Strike 0-1: Ball 1-1: Ball 2-1: Ball 3-1: Base on Balls Larry Brocato to second
|
Batting: RHB Dan Friess
|
0-0: Ball 1-0: Foul Ball, location: 2F 1-1: Called Strike 1-2: Strikes out swinging
|
Bottom of the 4th over - 0 runs, 0 hits, 0 errors, 2 left on base; Cedar Rapids 2 - Greenville 2 |
TOP OF THE 5TH |
Cedar Rapids Kernels batting - Pitching for Greenville Drive : LHP Will Sledge
|
Batting: RHB Orlando Blanco
|
0-0: Ball 1-0: Ball 2-0: Ball 3-0: Foul Ball, location: 2F 3-1: DOUBLE (Line Drive, 8RD, EV 104.4 MPH)
|
Batting: LHB Israel Montoya
|
0-0: Ball 1-0: Ball 2-0: Foul Ball, location: 2F 2-1: Foul Ball, location: 2F 2-2: Foul Ball, location: 2F 2-2: Foul Ball, location: 2F 2-2: Ball 3-2: Base on Balls
|
Batting: LHB Jim Pankratz
|
0-0: Ball 1-0: Foul Ball, location: 2F 1-1: Foul Ball, location: 2F 1-2: Foul Ball, location: 2F 1-2: Fly out, F8 (Flyball, 8LXD, EV 95.0 MPH) Runner from 2nd tags up, SAFE at 3rd, no throw by CF
|
Batting: RHB Mike Craver
|
0-0: Ball 1-0: Foul Ball, location: 2F 1-1: Ball 2-1: 3-RUN HOME RUN (Flyball, 7LD, EV 94.4 MPH), Distance : 346 ft
|
Pitching: RHP Frank Roberts
|
|
Batting: RHB Matt Dunn
|
0-0: Ball 1-0: Ball 2-0: Called Strike 2-1: Ball 3-1: Foul Ball, location: 2F 3-2: Base on Balls
|
Batting: SHB Shohei Fujii
|
0-0: Ball Matt Dunn steals 2nd base 1-0: Called Strike Matt Dunn steals 3rd base 1-1: Ball 2-1: Called Strike 2-2: Fly out, F8 (Line Drive, 8LM, EV 93.8 MPH)
|
Batting: LHB Mike Handrahan
|
0-0: DOUBLE (Groundball, 3L, EV 103.1 MPH) Matt Dunn scores
|
Batting: RHB Jake Wirthlin
|
0-0: Called Strike 0-1: Ball 1-1: Called Strike 1-2: Strikes out swinging
|
Top of the 5th over - 4 runs, 3 hits, 0 errors, 1 left on base; Cedar Rapids 6 - Greenville 2 |
BOTTOM OF THE 5TH |
Greenville Drive batting - Pitching for Cedar Rapids Kernels : RHP Toshiyuki Kawashima
|
Batting: RHB Devon Fourcade
|
0-0: Ball 1-0: Fly out, F8 (Flyball, 8LM, EV 88.1 MPH)
|
Batting: RHB David Clark
|
0-0: Ground out 5-3 (Groundball, 56, EV 87.5 MPH)
|
Batting: RHB John Chiesa
|
0-0: Ball 1-0: Called Strike 1-1: Ball 2-1: Ball 3-1: Called Strike 3-2: Foul Ball, location: 2F 3-2: Foul Ball, location: 2F 3-2: Base on Balls
|
Batting: RHB Adugna Chandu
|
0-0: Ball John Chiesa steals 2nd base 1-0: Called Strike 1-1: Swinging Strike 1-2: Ball 2-2: Ball 3-2: 2-RUN HOME RUN (Flyball, 7D, EV 109.4 MPH), Distance : 410 ft
|
Batting: RHB Paul Long
|
0-0: Foul Ball, location: 2F 0-1: TRIPLE (Groundball, 5L, EV 108.1 MPH)
|
Batting: RHB Erik Nunez
|
0-0: Ball 1-0: Ball 2-0: Called Strike 2-1: Called Strike 2-2: Strikes out swinging
|
Bottom of the 5th over - 2 runs, 2 hits, 0 errors, 1 left on base; Cedar Rapids 6 - Greenville 4 |
TOP OF THE 6TH |
Cedar Rapids Kernels batting - Pitching for Greenville Drive : RHP Frank Roberts
|
Batting: LHB Christiaan Smits
|
0-0: Fly out, F9 (Flyball, 9S, EV 98.1 MPH)
|
Batting: RHB Orlando Blanco
|
0-0: Ball 1-0: Called Strike 1-1: Ball 2-1: Called Strike 2-2: Ball 3-2: Strikes out swinging
|
Batting: LHB Israel Montoya
|
0-0: Ball 1-0: Ball 2-0: Foul Ball, location: 2F 2-1: Foul Ball, location: 2F 2-2: Ground out U3 (Groundball, 3, EV 109.4 MPH)
|
Top of the 6th over - 0 runs, 0 hits, 0 errors, 0 left on base; Cedar Rapids 6 - Greenville 4 |
BOTTOM OF THE 6TH |
Greenville Drive batting - Pitching for Cedar Rapids Kernels : RHP Toshiyuki Kawashima
|
Batting: RHB Larry Brocato
|
0-0: Ground out 5-3 (Groundball, 5S, EV 85.6 MPH)
|
Batting: LHB Sergio Tinoco
|
0-0: SINGLE (Line Drive, 34D, EV 101.9 MPH)
|
Pitching: RHP Bruce Wight
|
|
Batting: RHB Dan Friess
|
0-0: Fielders Choice at 2nd, 1-6 (Groundball, 34S, EV 73.8 MPH)
|
Batting: RHB Devon Fourcade
|
0-0: Swinging Strike 0-1: Ball 1-1: Ball 2-1: Ball 3-1: Base on Balls Dan Friess to second
|
Batting: RHB David Clark
|
0-0: Called Strike 0-1: Ball 1-1: Ball 2-1: Ball 3-1: Base on Balls Dan Friess to third Devon Fourcade to second
|
Batting: RHB John Chiesa
|
0-0: Ball 1-0: Fly out, F5 (Popup, 5L, EV 65.6 MPH)
|
Bottom of the 6th over - 0 runs, 1 hit, 0 errors, 3 left on base; Cedar Rapids 6 - Greenville 4 |
TOP OF THE 7TH |
Cedar Rapids Kernels batting - Pitching for Greenville Drive : RHP Frank Roberts
|
Pitching: LHP Jason Kell
|
|
Batting: LHB Jim Pankratz
|
0-0: Ball 1-0: Ball 2-0: SINGLE (Groundball, 34D, EV 105.6 MPH)
|
Batting: RHB Mike Craver
|
0-0: Ball 1-0: Ball 2-0: Ball 3-0: Called Strike 3-1: Foul Ball, location: 2F 3-2: Foul Ball, location: 2F 3-2: Foul Ball, location: 2F 3-2: Base on Balls Jim Pankratz to second
|
Batting: RHB Matt Dunn
|
0-0: SINGLE (Line Drive, 89M, EV 93.8 MPH) Jim Pankratz to third Mike Craver to second
|
Batting: SHB Shohei Fujii
|
0-0: Called Strike 0-1: Ball 1-1: Foul Ball, location: 2F 1-2: Ball 2-2: Ball 3-2: Strikes out swinging
|
Batting: LHB Mike Handrahan
|
0-0: Fly out, F8 (Flyball, 78D, EV 93.8 MPH) Runner from 3rd tags up, SCORES, throw by CF Mike Craver to third
|
Batting: RHB Jake Wirthlin
|
0-0: Ball 1-0: Ball 2-0: Called Strike 2-1: Swinging Strike 2-2: Strikes out swinging
|
Top of the 7th over - 1 run, 2 hits, 0 errors, 2 left on base; Cedar Rapids 7 - Greenville 4 |
BOTTOM OF THE 7TH |
Greenville Drive batting - Pitching for Cedar Rapids Kernels : RHP Bruce Wight
|
Pitching: RHP Edwin Sanchez
|
|
Batting: RHB Adugna Chandu
|
0-0: Foul Ball, location: 2F 0-1: Ball 1-1: Swinging Strike 1-2: Foul Ball, location: 2F 1-2: Ball 2-2: Foul Ball, location: 2F 2-2: Ground out 4-3 (Groundball, 34, EV 85.0 MPH)
|
Batting: RHB Paul Long
|
0-0: Called Strike 0-1: Ground out 6-3 (Groundball, 6, EV 77.5 MPH)
|
Batting: RHB Erik Nunez
|
0-0: Swinging Strike 0-1: Fly out, F8 (Flyball, 8LD, EV 91.2 MPH)
|
Bottom of the 7th over - 0 runs, 0 hits, 0 errors, 0 left on base; Cedar Rapids 7 - Greenville 4 |
TOP OF THE 8TH |
Cedar Rapids Kernels batting - Pitching for Greenville Drive : LHP Jason Kell
|
Pitching: RHP Perry Mills
|
|
Batting: LHB Christiaan Smits
|
0-0: Ground out U3 (Groundball, 3S, EV 67.5 MPH)
|
Batting: RHB Orlando Blanco
|
0-0: Ball 1-0: Ball 2-0: Called Strike 2-1: Foul Ball, location: 2F 2-2: Ball 3-2: Ground out 3-1 (Groundball, 34, EV 87.5 MPH)
|
Batting: LHB Israel Montoya
|
0-0: Called Strike 0-1: Ground out 6-3 (Groundball, 6M, EV 97.5 MPH)
|
Top of the 8th over - 0 runs, 0 hits, 0 errors, 0 left on base; Cedar Rapids 7 - Greenville 4 |
BOTTOM OF THE 8TH |
Greenville Drive batting - Pitching for Cedar Rapids Kernels : RHP Edwin Sanchez
|
Pitching: LHP Mark Challinor
|
|
Batting: RHB Larry Brocato
|
0-0: Called Strike 0-1: Ball 1-1: Ground out 5-3 (Groundball, 56, EV 86.2 MPH)
|
Pinch Hitting: RHB Dave Nickerson
|
0-0: Foul Ball, location: 2F 0-1: Foul Ball, location: 2F 0-2: Ball 1-2: Ball 2-2: Strikes out swinging
|
Batting: RHB Dan Friess
|
0-0: Ball 1-0: Called Strike 1-1: SOLO HOME RUN (Flyball, 7D, EV 104.4 MPH), Distance : 400 ft
|
Batting: RHB Devon Fourcade
|
0-0: Ball 1-0: Ball 2-0: Called Strike 2-1: Called Strike 2-2: Strikes out swinging
|
Bottom of the 8th over - 1 run, 1 hit, 0 errors, 0 left on base; Cedar Rapids 7 - Greenville 5 |
TOP OF THE 9TH |
Cedar Rapids Kernels batting - Pitching for Greenville Drive : RHP Perry Mills
|
Now in LF: Dave Nickerson
|
|
Batting: LHB Jim Pankratz
|
0-0: Called Strike 0-1: Foul Ball, location: 2F 0-2: Foul Ball, location: 2F 0-2: Ball 1-2: Foul Ball, location: 2F 1-2: Ball 2-2: Ball 3-2: Foul Ball, location: 2F 3-2: Foul Ball, location: 2F 3-2: Strikes out swinging
|
Batting: RHB Mike Craver
|
0-0: Ground out U3 (Groundball, 34S, EV 84.4 MPH)
|
Batting: RHB Matt Dunn
|
0-0: Ball 1-0: Foul Ball, location: 2F 1-1: Foul Ball, location: 2F 1-2: Ball 2-2: Foul Ball, location: 2F 2-2: Strikes out looking
|
Top of the 9th over - 0 runs, 0 hits, 0 errors, 0 left on base; Cedar Rapids 7 - Greenville 5 |
BOTTOM OF THE 9TH |
Greenville Drive batting - Pitching for Cedar Rapids Kernels : LHP Mark Challinor
|
Pitching: RHP Steven Legge
|
|
Now at 1B: Brian Gustus
|
|
Batting: RHB David Clark
|
0-0: Called Strike 0-1: Ball 1-1: Called Strike 1-2: Foul Ball, location: 2F 1-2: Ball 2-2: Ground out 2-3 (Groundball, 15S, EV 70.6 MPH)
|
Batting: RHB John Chiesa
|
0-0: Ball 1-0: Called Strike 1-1: Ball 2-1: Ball 3-1: Swinging Strike 3-2: Foul Ball, location: 2F 3-2: Strikes out looking
|
Pinch Hitting: LHB Masumi Abe
|
0-0: Called Strike 0-1: Swinging Strike 0-2: Strikes out looking
|
Bottom of the 9th over - 0 runs, 0 hits, 0 errors, 0 left on base; Cedar Rapids 7 - Greenville 5 |
|